 Dungeon Crawl Stone Soup version 0.28-a0-1565-g95a8017c83 (webtiles) character file.

Game seed: 13990700918970448032

7 sanka the Grappler (level 2, -3/23 HPs)
             Began as a Gnoll Wanderer on Jan 19, 2022.
             Slain by a gnoll (8 damage)
             ... on level 1 of the Dungeon.
             The game lasted 00:00:44 (408 turns).

sanka the Grappler (Gnoll Wanderer)                  Turns: 408, Time: 00:00:44

Health: -3/23      AC:  3    Str: 12    XL:     2   Next: 0%
Magic:  2/2        EV: 11    Int: 11    God:
Gold:   11         SH:  0    Dex: 10    Spells: 1/1 levels left

rFire   . . .      SeeInvis +     - Unarmed
rCold   . . .      Faith    .   (no shield)
rNeg    . . .      Spirit   .   f - +0 leather armour
rPois   .          Reflect  .   (no helmet)
rElec   .          Harm     .   (no cloak)
rCorr   .          Rampage  .   (no gloves)
Will    .....                   (no boots)
Stlth   +.........              (no amulet)
HPRegen 0.07/turn               (no ring)
MPRegen 0.08/turn               g - ring of see invisible

@: no status effects
A: fangs 1, strong nose, distributed training
a: no special abilities


You were on level 1 of the Dungeon.
You visited 1 branch of the dungeon, and saw 1 of its levels.

You collected 11 gold pieces.


Innate Abilities, Weirdness & Mutations

You have very sharp teeth.
Your uncanny sense of smell can sniff out nearby items.
Your experience applies equally to all skills.


   Skills:
 + Level 2.4 Fighting
 + Level 0.2 Short Blades
 + Level 0.2 Long Blades
 + Level 0.2 Axes
 + Level 0.2 Maces & Flails
 + Level 0.2 Polearms
 + Level 0.2 Staves
 + Level 2.4 Slings
 + Level 0.2 Bows
 + Level 0.2 Crossbows
 + Level 2.4 Throwing
 + Level 0.2 Armour
 + Level 0.2 Dodging
 + Level 0.2 Stealth
 + Level 0.2 Shields
 + Level 10.4 Unarmed Combat
 + Level 0.2 Spellcasting
 + Level 0.1 Conjurations
 + Level 0.1 Hexes
 + Level 0.1 Summonings
 + Level 0.1 Necromancy
 + Level 0.1 Translocations
 + Level 0.1 Transmutations
 + Level 0.1 Fire Magic
 + Level 0.1 Ice Magic
 + Level 0.1 Air Magic
 + Level 0.1 Earth Magic
 + Level 0.1 Poison Magic
 + Level 0.3 Invocations
 + Level 4.4 Evocations


You had one spell level left.
You didn't know any spells.
Your spell library was empty.

Inventory:

Hand Weapons
 b - a +0 hunting sling
Missiles
 d - 19 sling bullets
Armour
 f - a +0 leather armour (worn)
Jewellery
 g - a ring of see invisible (right hand)
Potions
 a - a potion of haste {@q3}
 c - a potion of invisibility
Miscellaneous
 e - a piece from Xom's chessboard (15/15) (quivered)

Dungeon Overview and Level Annotations

Branches:
Dungeon (1/15)

Altars:

Shops:
D:1

= ▒. .......▒ ▒. .......▒
..∆ ▒▒▒. .......▒ ..
▒...▒...!... ▒.▒
▒..▒.▒..g. ..
▒▒▒▒▒▒▒.▒...▒.▒ ▒.▒▒
▒....▒▒▒..g..▒ ▒..▒
▒....▒▒.▒.Kg▒..▒
▒▒▒.▒▒▒....▒▒..▒g▒.......
..........>.....▒...▒▒▒▒▒
.▒▒.▒▒▒....▒............
▒..▒▒▒▒▒.▒.▒▒▒▒▒▒▒▒▒▒▒
▒▒.▒▒ ▒.▒.▒
.▒▒▒..▒▒▒▒....
..............
▒▒▒▒▒..▒▒▒..... ▒▒.▒
▒.....


You could see a gnoll, 2 goblins and a kobold.


Message History

The gnoll barely misses you.
A goblin comes into view. It is wielding a +0 club.
You closely miss the gnoll. The bat hits you but does no damage.
The gnoll hits you with a +2 vampiric spear.
The kobold throws a stone.
The stone hits you.
You closely miss the gnoll. The bat hits you. The gnoll misses you.
The kobold throws a stone.
The stone barely misses you.
You closely miss the gnoll. The bat barely misses you.
You hit the gnoll.
The gnoll is lightly wounded.
The bat hits you but does no damage.
The gnoll hits you with a +2 vampiric spear!
* * * LOW HITPOINT WARNING * * *
The gnoll draws strength from your wounds!
Unknown command.
The bat hits you.
* * * LOW HITPOINT WARNING * * *
The gnoll closely misses you. The bat hits you but does no damage.
You barely miss the bat. Your bite misses the bat.
The bat hits you but does no damage.
The gnoll hits you from afar with a +2 vampiric spear!
You die...

Action                   || total
-------------------------++-------
Melee: Unarmed           ||    20
       Punch             ||     1
       Bite              ||     1
 Fire: Hunting sling     ||     4
Armor: Leather armour    ||     6
Dodge: Dodged            ||    16

Levels and vault maps discovered:
D:1:      lemuel_arrival_tunnels, layout_basic,
          shapermc_ecumenical_altar_mp_urbaneastern, serial_shops,
          nicolae_diamond_shop

Notes
Turn   | Place    | Note
-------+----------+-------------------------------------------
     0 | D:1      | Reached skill level 10 in Unarmed Combat
     0 | D:1      | sanka the Gnoll Wanderer began the quest for the Orb.
     0 | D:1      | sanka set off with the following items: a +0 hunting sling,
                  | a potion of haste {@q3}, a potion of invisibility, 19 sling
                  | bullets, a piece from Xom's chessboard (15/15), a +0
                  | leather armour
     0 | D:1      | Reached XP level 1. HP: 17/17 MP: 1/1
   334 | D:1      | Reached XP level 2. HP: 19/23 MP: 2/2
   390 | D:1      | Found Tiguuj's Jewellery Shoppe.
   408 | D:1      | Slain by a gnoll

Vanquished Creatures
  A ball python (D:1)
  An endoplasm (D:1)
  A giant cockroach (D:1)
  3 frilled lizards (D:1)
  A rat (D:1)
7 creatures vanquished.
